 Dungeon Crawl Stone Soup version 0.30-a0-313-gae38170b09 (webtiles) character file.

Game seed: 8293673798182470411

93 lunkers the Chiller (level 5, -6/38 HPs)
             Began as a Meteoran Ice Elementalist on Oct 26, 2022.
             Killed from afar by a white imp (9 damage)
             ... with a puff of frost
             ... on level 3 of the Dungeon.
             The game lasted 00:01:34 (725 turns).

lunkers the Chiller (Meteoran Ice Elementalist)      Turns: 725, Time: 00:01:35

Health: -6/38      AC:  3    Str:  9    XL:     5   Next: 16%
Magic:  10/12      EV: 12    Int: 25    God:
Gold:   38         SH:  0    Dex: 14    Spells: 5/12 levels left

rFire   . . .      SeeInvis .    (no weapon)
rCold   . . .      Faith    .    (no shield)
rNeg    . . .      Spirit   .    a - +0 robe
rPois   .          Reflect  .    m - +0 helmet
rElec   .          Harm     .    (no cloak)
rCorr   .          Rampage  .    (no gloves)
Will    .....                    (no boots)
Stlth   +.........               (no amulet)
HPRegen 0.26/turn                c - +6 ring of intelligence
MPRegen 0.13/turn                (no ring)

@: glowing
A: sense surroundings 1, otherworldly, glowing, explore regen
a: no special abilities


You were on level 3 of the Dungeon.
You visited 1 branch of the dungeon, and saw 3 of its levels.

You collected 38 gold pieces.

Inventory:

Armour
 a - a +0 robe (worn)
 d - a +3 scale mail
 f - the +7 chain mail of Mess {rElec rN+ Will- Str+2}
   (You found it on level 2 of the Dungeon)

   Str:       It affects your strength (+2).
   rElec:     It insulates you from electricity.
   rN:        It protects you from negative energy.
   Will:      It decreases your willpower.
 m - a +0 helmet (worn)
Jewellery
 c - a +6 ring of intelligence (left hand)
Wands
 j - a wand of charming (8)
Scrolls
 h - 4 scrolls of teleportation {unknown}
 i - a scroll of immolation {unknown}
 l - a scroll of identify {unknown}
 o - a scroll of enchant weapon {unknown}
Potions
 b - a potion of magic
 e - a potion of mutation {unknown}
 g - a potion of degeneration {unknown}
 k - a potion of invisibility {unknown}
 n - a potion of attraction {unknown}


   Skills:
 - Level 2.4 Dodging
 - Level 1.4 Stealth
 + Level 4.0 Spellcasting
 * Level 5.9 Ice Magic


You had 5 spell levels left.
You knew the following spells:

 Your Spells              Type           Power      Damage    Failure   Level
a - Freeze                Ice            100%       1d10      1%          1
b - Frozen Ramparts       Ice            68%        1d11      2%          3
c - Ozocubu's Armour      Ice            34%        N/A       2%          3

Your spell library contained the following spells:

 Spells                   Type           Power      Damage    Failure   Level
 Summon Ice Beast         Ice/Summ       19%        N/A       26%         4


Dungeon Overview and Level Annotations

Branches:
Dungeon (3/15) Zot: 1069

Altars:

Shops:
D:1 *


Innate Abilities, Weirdness & Mutations

You passively map a small area around you.
You are easily found by Zot.
You glow in the dark.
You regain HP and MP as you explore.


Message History

The slug dart misses you. The dart slug launches a dart at you.
The slug dart hits you.
* * * LOW HITPOINT WARNING * * *
Aiming: Freeze (safe; 1% risk of failure)
Press: ? - help, Q - select action, (/) - cycle Shift-Dir - straight line, f/p - dart slug
Aim: a dart slug (severely wounded)
You freeze the dart slug!
You kill the dart slug!
Unknown command.
Unknown command.
Aiming: Freeze (safe; 1% risk of failure)
Press: ? - help, Q - select action, (/) - cycle Shift-Dir - straight line, f - kobold
Aim: a kobold, wielding a +0 dagger You freeze the kobold.
You kill the kobold!
Your Spellcasting skill increases to level 4!
Unknown command.
A dart slug comes into view.
You see here a scroll labelled ULUESE FU DEI.
o - a scroll labelled ULUESE FU DEI The dart slug launches a dart at you.
The slug dart hits you.
* * * LOW HITPOINT WARNING * * *
You enter the shallow water.
Moving in this stuff is going to be slow.
A white imp comes into view.
Found a golden potion.
The white imp shouts, "Escape, thou pottle-deep toad-spotted dewberry!"
The white imp lashes its tail.
The dart slug launches a dart at you. The slug dart hits you.
* * * LOW HITPOINT WARNING * * *
The dart slug launches a dart at you. The slug dart hits you.
* * * LOW HITPOINT WARNING * * *
You see here a +0 dagger.
The white imp gestures at you. The puff of frost hits you!
You die...

, ..........#
..........## * ,
........... # *
........5.##.## ,
#.....~~.≈≈#..### ,
###.##.≈~#≈≈≈~.....
#$..#~~~~~~~~~≈≈## ,
..#~≈≈≈~.).≈~≈≈≈#,
#.#≈#≈~)@~.#≈≈≈.. ,
###w≈≈≈~~.~#~≈≈~~.
*##~≈≈≈≈≈~~<#~≈#~w~~
..~≈≈~~†~.$.≈≈~~≈~~,
#..~~~≈≈~.<†~~~~≈~.
##~#~≈≈≈~...~~~#≈≈~
* ,
#~~≈≈≈≈#~.~~#≈≈≈≈ ,
##≈#≈≈≈≈~.$~#≈≈w~
#w≈#≈≈~..8~≈≈≈~. ,


You could see a white imp and 3 dart slugs.

Vanquished Creatures
  An orc priest (D:2)
  2 worms (D:2)
  7 dart slugs
  2 orcs (D:2)
  2 endoplasms
  5 hobgoblins
  3 kobolds
  3 quokkas (D:1)
  6 ball pythons
  4 bats
  2 frilled lizards
  2 goblins
  2 rats (D:1)
41 creatures vanquished.

Notes
Turn   | Place    | Note
-------+----------+-------------------------------------------
     0 | D:1      | lunkers the Meteoran Ice Elementalist began the quest for
                  | the Orb.
     0 | D:1      | Reached XP level 1. HP: 14/14 MP: 5/5
   108 | D:1      | Reached XP level 2. HP: 20/20 MP: 3/6
   157 | D:1      | Found Muiv's General Store.
   272 | D:1      | Reached XP level 3. HP: 22/26 MP: 2/8
   284 | D:2      | Reached skill level 5 in Ice Magic
   291 | D:2      | Identified the +7 chain mail of Mess {rElec rN+ Will-
                  | Str+2}
   329 | D:2      | Reached XP level 4. HP: 4/33 MP: 2/10
   335 | D:2      | Learned a level 3 spell: Frozen Ramparts
   339 | D:2      | Learned a level 3 spell: Ozocubu's Armour
   576 | D:3      | Reached XP level 5. HP: 25/38 MP: 9/11
   725 | D:3      | Killed from afar by a white imp

Illustrated notes

Levels and vault maps discovered:
D:1:      saegor_arrival_under_anarchy, layout_basic, serial_shops,
          nicolae_shop_stone
D:2:      layout_basic
D:3:      kennysheep_slugbush, layout_rooms, nicolae_uskayaw_suspiria,
          mainiacjoe_overflow_concentric_impassable, mainiacjoe_overflow_paths,
          hex_intersection, amethyst_killhole, uniq_robin

Skill      XL: |  1  2  3  4  5 |
---------------+----------------+-----
Spellcasting   | 3 4 |  4.0
Ice Magic      | 5 |  5.9
Dodging        | |  2.4
Stealth        | |  1.4

Action                   |  1- 3 |  4- 6 || total
-------------------------+-------+-------++-------
 Cast: Freeze            |    34 |    30 ||    64
Armor: Robe              |     6 |     8 ||    14
Dodge: Dodged            |    12 |    20 ||    32

Table legend: (Time is in decaauts)
 A = Elapsed time spent in this place.
 B = Non-inter-level travel time spent in this place.
 C = Inter-level travel time spent in this place.
 D = Time resting spent in this place.
 E = Time spent auto-exploring this place.
 F = Levels seen in this place.
 G = Mean time per level.
                   A        B        C        D        E       F      G
               +--------+--------+--------+--------+--------+-----+--------+
         Total |    729 |    652 |     77 |      0 |    448 |   3 |  243.0 |
       Dungeon |    729 |    652 |     77 |      0 |    448 |   3 |  243.0 |
               +--------+--------+--------+--------+--------+-----+--------+

Top non-repeatable levels by time:
     D:2: 412 daAuts
     D:1: 274 daAuts
     D:3: 43 daAuts
